[Event "Titled Tuesday Blitz June 22 2021"]
[White "Goganov, Aleksey"]
[Black "Gurvich, Vitaly"]
[WhiteFideId "24109959"]
[BlackFideId "24164852"]
[WhiteElo "2592"]
[BlackElo "2252"]
[Result "1-0"]
[Round "05"]
[TimeControl "180+1"]
[Date "2021.06.22"]
[WhiteClock "0:00:24"]
[BlackClock "0:00:02"]

1. d4 d5 2. c4 dxc4 3. Nf3 Nf6 4. e3 e6 5. Bxc4 a6 6. O-O Be7 7. b3 b5 8. Be2 Bb7 9. Bb2 O-O 10. a4 bxa4 11. Rxa4 c5 12. dxc5 Bxc5 13. Qxd8 Rxd8 14. Nbd2 Nc6 15. Rfa1 Nb4 16. Nc4 Bc6 17. Ra5 Bb5 18. Nd4 Bxd4 19. Bxd4 Nc6 20. Bxf6 gxf6 21. R5a2 Nb4 22. Rb2 Nd3 23. Rd2 Nb4 24. Rxd8+ Rxd8 25. Kf1 Kg7 26. Na3 Bxe2+ 27. Kxe2 Rd3 28. Rb1 Rc3 29. Kd2 Rd3+ 30. Ke2 Rc3 31. Rb2 Rc1 32. Nc4 Rh1 33. h3 Rg1 34. g3 h5 35. h4 Kg6 36. Kf3 Kg7 37. Nd6 Kg6 38. Rd2 f5 39. Nb7 Nd5 40. Rc2 Rb1 41. Nc5 a5 42. Ra2 Nf6 43. Rxa5 Rb2 44. Nd3 Rd2 45. Ne5+ Kg7 46. Ra7 Ne4 47. Rxf7+ Kg8 48. Kg2 Rxf2+ 49. Kg1 Rb2 50. Rb7 Rb1+ 51. Kg2 Rb2+ 52. Kf1 Rxb3 53. Rxb3 Nd2+ 54. Ke2 Nxb3 55. Nd7 Kf7 56. Kd3 Nc1+ 57. Kd2 Nb3+ 58. Kc3 Nc1 59. Kd2 Nb3+ 60. Ke2 Na5 61. Kf3 Nc4 62. Kf4 Ke7 63. Ne5 Nd6 64. Kg5 Ne4+ 65. Kxh5 Nxg3+ 66. Kg5 Ne4+ 67. Kg6 Ng3 68. h5 Nxh5 69. Kxh5 Kd6 70. Nf3 Kd5 71. Nd2 e5 72. Kg5 f4 73. e4+ Kd4 74. Kf5 Ke3 75. Nc4+ Kd4 76. Nxe5 1-0


[Site "https://www.chess.com"]

[Event "Titled Tuesday Blitz June 22 2021"]
[White "Gorovets, Andrey"]
[Black "Nandhidhaa, P V"]
[WhiteFideId "13504037"]
[BlackFideId "5050847"]
[WhiteElo "2462"]
[BlackElo "1989"]
[Result "0-1"]
[Round "05"]
[TimeControl "180+1"]
[Date "2021.06.22"]
[WhiteClock "0:00:37"]
[BlackClock "0:00:30"]

1. d4 c5 2. d5 e5 3. e4 d6 4. Nc3 Be7 5. g3 Nd7 6. h4 Ngf6 7. Bh3 h5 8. Nge2 Ng4 9. f3 Nh6 10. Be3 Nf6 11. Bxc8 Qxc8 12. Qd2 Qd7 13. a4 Bd8 14. a5 Bc7 15. Qd3 a6 16. Qc4 Nhg8 17. Nc1 Ne7 18. b4 cxb4 19. Qxb4 O-O 20. Nd3 Rfc8 21. Kf2 Bd8 22. Kg2 Rc7 23. Bb6 Rcc8 24. Bxd8 Qxd8 25. Rhb1 Rc7 26. Rb3 Rac8 27. Raa3 Qd7 28. Qb6 Rc4 29. Qe3 R8c7 30. Ne1 Qc8 31. Na4 Rxc2+ 32. Kg1 Qh3 0-1


[Site "https://www.chess.com"]

[Event "Titled Tuesday Blitz June 22 2021"]
[White "Goryachkina, Aleksandra"]
[Black "Manukyan, Sargis A."]
[WhiteFideId "4147103"]
[BlackFideId "13303970"]
[WhiteElo "2441"]
[BlackElo "2187"]
[Result "1-0"]
[Round "05"]
[TimeControl "180+1"]
[Date "2021.06.22"]
[WhiteClock "0:01:37"]
[BlackClock "0:02:28"]

1. e4 e6 2. d4 d5 3. Nd2 Nc6 4. Ngf3 Nf6 5. e5 Nd7 6. Bb5 a6 7. Bxc6 bxc6 8. O-O c5 9. c3 a5 10. Re1 cxd4 11. cxd4 c5 12. Nf1 Be7 13. Ng3 O-O 14. dxc5 Nxc5 15. Nd4 Qd7 16. Nh5 Kh8 17. Qg4 Kg8 18. Qxg7# 1-0


[Site "https://www.chess.com"]

[Event "Titled Tuesday Blitz June 22 2021"]
[White "Gracia Alvarez, Gerardo Antonio"]
[Black "Perez Gormaz, Matias"]
[WhiteFideId "5109124"]
[BlackFideId "3406342"]
[WhiteElo "2148"]
[BlackElo "2414"]
[Result "0-1"]
[Round "05"]
[TimeControl "180+1"]
[Date "2021.06.22"]
[WhiteClock "0:00:10"]
[BlackClock "0:00:09"]

1. e4 e5 2. Nf3 Nc6 3. Bc4 Bc5 4. c3 Nf6 5. d4 exd4 6. b4 Bb6 7. e5 d5 8. exf6 dxc4 9. Qe2+ Be6 10. fxg7 Rg8 11. b5 Ne7 12. cxd4 Qd5 13. Nc3 Ba5 14. Bd2 Bxc3 15. Bxc3 Rxg7 16. O-O-O O-O-O 17. Rhg1 Rg4 18. h3 Re4 19. Qd2 Qxb5 20. Ng5 Rh4 21. Nxe6 fxe6 22. Rge1 Nd5 23. Rxe6 Nf4 24. Re3 Nxg2 25. Re5 Qa4 26. Qg5 Qa3+ 27. Bb2 Qxh3 28. Re7 Nf4 29. Qe5 Nd5 30. Rg7 Rh5 31. Qe4 Qf5 32. Qxf5+ Rxf5 33. Rxh7 Rxf2 34. Rg1 c3 35. Ba3 Rxa2 36. Bc5 Ra1+ 0-1


[Site "https://www.chess.com"]

[Event "Titled Tuesday Blitz June 22 2021"]
[White "Hammer, Jon Ludvig"]
[Black "Ambartsumova, Karina"]
[WhiteFideId "1503707"]
[BlackFideId "4166299"]
[WhiteElo "2607"]
[BlackElo "2262"]
[Result "1-0"]
[Round "05"]
[TimeControl "180+1"]
[Date "2021.06.22"]
[WhiteClock "0:00:07"]
[BlackClock "0:00:05"]

1. e4 c5 2. Nf3 e6 3. g3 Nc6 4. Bg2 Nf6 5. Nc3 d6 6. O-O Be7 7. d4 cxd4 8. Nxd4 Qc7 9. Re1 O-O 10. Nxc6 bxc6 11. e5 dxe5 12. Qe2 Nd7 13. b3 a5 14. Bb2 Ba6 15. Qf3 Rac8 16. Bf1 Bxf1 17. Rxf1 f5 18. Qe2 e4 19. f3 Bc5+ 20. Kg2 exf3+ 21. Rxf3 Rce8 22. Na4 Bd6 23. Rd1 Nf6 24. Bxf6 Rxf6 25. Qc4 Kh8 26. Rc3 Rc8 27. Nb6 Qxb6 28. Rxd6 Rff8 29. Qxe6 Rce8 30. Qc4 Qc7 31. Qxc6 Qe7 32. Rd2 Qe1 33. Rf2 h6 34. Rcf3 Qc1 35. Qc5 Rc8 36. Qxa5 Rxc2 37. Qb4 Rxf2+ 38. Rxf2 Qc8 39. Qf4 Qe6 40. Qf3 Rf7 41. Re2 Qf6 42. Qa8+ Kh7 43. Qf3 Rd7 44. h4 Rc7 45. h5 Rc3 46. Qf4 Qc6+ 47. Kh2 Qf6 48. Rf2 Rc5 49. b4 Re5 50. a4 Qe6 51. b5 Re4 52. Qxf5+ Qxf5 53. Rxf5 Rxa4 54. Kg2 Rb4 55. Rc5 Kg8 56. Kf3 g6 57. hxg6 Kg7 58. Rc7+ Kxg6 59. Rc5 Kf6 60. Ke3 Kg6 61. Kd3 Rb3+ 62. Kc4 Rxg3 63. b6 Rg1 64. Rb5 Rc1+ 65. Kd5 Rc8 66. b7 Rb8 67. Kc6 h5 68. Kc7 Rxb7+ 69. Kxb7 h4 70. Kc6 h3 71. Rb3 Kg5 72. Rxh3 1-0


[Site "https://www.chess.com"]

[Event "Titled Tuesday Blitz June 22 2021"]
[White "Harutjunyan, Gevorg"]
[Black "Bordi, Kevin"]
[WhiteFideId "13300873"]
[BlackFideId "621862"]
[WhiteElo "2498"]
[BlackElo "2790"]
[Result "1-0"]
[Round "05"]
[TimeControl "180+1"]
[Date "2021.06.22"]
[WhiteClock "0:00:52"]
[BlackClock "0:00:08"]

1. e4 d5 2. exd5 Qxd5 3. Nc3 Qa5 4. Bc4 Nf6 5. d4 Bg4 6. Be2 Bf5 7. Nf3 e6 8. O-O c6 9. Bd2 Qc7 10. Re1 Bd6 11. Bc4 Nbd7 12. a3 h6 13. Qe2 O-O 14. Bd3 Bxd3 15. Qxd3 Rad8 16. Ne4 Nxe4 17. Qxe4 Nf6 18. Qh4 Nd5 19. g3 Be7 20. Qe4 Bf6 21. c3 b5 22. Rad1 a5 23. h4 a4 24. Kg2 Nb6 25. Bc1 Nc4 26. g4 Qd7 27. g5 hxg5 28. hxg5 Be7 29. Rh1 f5 30. Qh4 Qd5 31. Bf4 Kf7 32. Qh5+ g6 33. Qh7+ Ke8 34. Qxg6+ Kd7 35. Rh7 Rde8 36. Re1 Nxb2 37. Rxe6 Qxe6 38. Ne5+ Kd6 39. Nc4+ Kd5 40. Nb6+ Ke4 41. Qxe6+ Kxf4 42. Qe3+ Kg4 43. Qg3# 1-0


[Site "https://www.chess.com"]

[Event "Titled Tuesday Blitz June 22 2021"]
[White "Herman, Matthew"]
[Black "Kosteniuk, Alexandra"]
[WhiteFideId "2028964"]
[BlackFideId "4128125"]
[WhiteElo "2368"]
[BlackElo "2521"]
[Result "1-0"]
[Round "05"]
[TimeControl "180+1"]
[Date "2021.06.22"]
[WhiteClock "0:00:08"]
[BlackClock "0:00:01"]

1. d4 Nf6 2. c4 e6 3. Nc3 Bb4 4. f3 d5 5. a3 Bxc3+ 6. bxc3 c5 7. e3 Nc6 8. cxd5 exd5 9. Bd3 O-O 10. Ne2 Re8 11. O-O b6 12. Ng3 a5 13. Bb5 Bd7 14. a4 Ne7 15. Bd3 Rc8 16. Bb2 Bc6 17. e4 dxe4 18. fxe4 Ng6 19. d5 Bd7 20. c4 Ng4 21. Qe1 Qh4 22. h3 N4e5 23. Be2 Nf4 24. Ra3 f6 25. Bc1 Nxe2+ 26. Qxe2 Nf7 27. Rf4 Qg5 28. Raf3 Qe5 29. Bb2 Qe7 30. Rxf6 gxf6 31. Bxf6 Qd6 32. Nh5 Ne5 33. Rg3+ Ng6 34. e5 Qf8 35. Qe3 Bxa4 36. Qg5 Bc2 37. e6 a4 38. Bc3 Qe7 39. Nf6+ Kf8 40. Qh6+ Qg7 41. Nxh7+ Ke7 42. Qxg7+ Kd6 43. Qxg6 Bxg6 44. Rxg6 a3 45. Ng5 a2 46. Nf7+ Kc7 47. d6+ Kc6 48. d7 Ra8 49. dxe8=Q+ Rxe8 50. Ne5+ Kb7 51. Rg7+ Ka6 52. e7 b5 53. cxb5+ Kxb5 54. h4 Ka4 55. h5 Kb3 56. Ba1 Kc2 57. h6 Kb1 58. Bc3 Rb8 59. h7 Rb2 60. Bxb2 Kxb2 61. Nc4+ Kc2 62. Ne3+ Kd2 63. e8=Q a1=Q+ 64. Kh2 Qd4 65. Nf5 Qf4+ 66. Rg3 Qxf5 67. h8=Q Qf4 68. Qh3 1-0


[Site "https://www.chess.com"]

[Event "Titled Tuesday Blitz June 22 2021"]
[White "Hess, Robert"]
[Black "Kononenko, Dmitry"]
[WhiteFideId "2022036"]
[BlackFideId "14113538"]
[WhiteElo "2557"]
[BlackElo "2289"]
[Result "1-0"]
[Round "05"]
[TimeControl "180+1"]
[Date "2021.06.22"]
[WhiteClock "0:02:06"]
[BlackClock "0:02:14"]

1. b3 Nf6 2. Bb2 c5 3. e3 Nc6 4. Nf3 d5 5. Bb5 Bd7 6. O-O e6 7. c4 Bd6 8. cxd5 exd5 9. d4 O-O 10. dxc5 Bxc5 11. Nc3 Bg4 12. Be2 Rc8 13. Rc1 Bd6 14. Nd4 Bxe2 15. Ncxe2 Ne4 16. Nf5 Be5 17. Bxe5 Nxe5 18. Rxc8 Qxc8 19. Ne7+ 1-0


[Site "https://www.chess.com"]

[Event "Titled Tuesday Blitz June 22 2021"]
[White "Howell, David W L"]
[Black "Khubukshanov, Erdem"]
[WhiteFideId "410608"]
[BlackFideId "54114527"]
[WhiteElo "2643"]
[BlackElo "2222"]
[Result "1-0"]
[Round "05"]
[TimeControl "180+1"]
[Date "2021.06.22"]
[WhiteClock "0:00:26"]
[BlackClock "0:00:04"]

1. e4 c5 2. Nf3 Nc6 3. d4 cxd4 4. Nxd4 Qb6 5. Nb3 Nf6 6. Nc3 e6 7. Be3 Qc7 8. Bd3 Bb4 9. O-O Bxc3 10. bxc3 b6 11. f4 Bb7 12. e5 Nd5 13. Bd2 d6 14. c4 Ndb4 15. exd6 Qxd6 16. Bc3 Nxd3 17. Qxd3 Qxd3 18. cxd3 O-O 19. Kf2 Rfd8 20. Rfd1 Rd7 21. a4 Rad8 22. Ke2 a5 23. g3 f6 24. Rab1 Ba6 25. Na1 Ne7 26. Nc2 Nc8 27. Ne3 Bb7 28. Rd2 Bc6 29. Ra1 Kf7 30. Ra3 h5 31. Ba1 h4 32. g4 Rd4 33. Bxd4 Rxd4 34. f5 exf5 35. gxf5 h3 36. Rb2 Rf4 37. Ra1 Bf3+ 38. Kd2 Bc6 39. Rf1 Rd4 40. Kc3 Rd7 41. Ra1 Ke7 42. d4 Kd6 43. Re2 Bf3 44. Ree1 Rc7 45. Rg1 Na7 46. Rg3 Be4 47. Rxh3 Nc6 48. Rh8 Nb4 49. Re8 Bc6 50. Re6+ Kd7 51. Kb3 Bf3 52. Rxb6 Be2 53. Rg1 Ke8 54. c5 Rf7 55. Rb8+ Ke7 56. Rb7+ Ke8 57. Rxg7 Rxb7 58. Rxb7 Bf3 59. Rxb4 axb4 60. Kxb4 1-0


[Site "https://www.chess.com"]

[Event "Titled Tuesday Blitz June 22 2021"]
[White "Ibrahimli, Murad"]
[Black "Zubov, Alexander"]
[WhiteFideId "13410229"]
[BlackFideId "14109409"]
[WhiteElo "2109"]
[BlackElo "2740"]
[Result "0-1"]
[Round "05"]
[TimeControl "180+1"]
[Date "2021.06.22"]
[WhiteClock "0:00:02"]
[BlackClock "0:00:07"]

1. Nf3 d5 2. d4 Nf6 3. c4 c6 4. e3 a6 5. Nc3 b5 6. c5 Bg4 7. Be2 Nbd7 8. O-O g6 9. h3 Bxf3 10. Bxf3 Bg7 11. e4 dxe4 12. Nxe4 Nd5 13. Be3 O-O 14. Re1 Qc7 15. Nc3 Nxe3 16. fxe3 Rad8 17. Qe2 e5 18. Rad1 f5 19. Qf2 Kh8 20. b4 e4 21. Be2 Nf6 22. g3 Bh6 23. Kg2 Qf7 24. Rd2 Rd7 25. Rf1 Qe6 26. Rb2 Rdf7 27. Bd1 Nd5 28. Nxd5 cxd5 29. a4 g5 30. axb5 axb5 31. Qe1 f4 32. Bh5 Rf6 33. Rbf2 f3+ 34. Kh2 g4 35. Bxg4 Qf7 36. Qc3 Bg5 37. h4 Rh6 38. Bh3 Be7 39. c6 Bd6 40. c7 Bxc7 41. Rc1 Bd6 42. Qb3 Rg8 43. Rg1 Rxh4 44. Qd1 Qf5 45. Qf1 Rg6 46. Rb2 Rgh6 0-1


[Site "https://www.chess.com"]

[Event "Titled Tuesday Blitz June 22 2021"]
[White "Izoria, Zviad"]
[Black "Martinez Alcantara, Jose Eduardo"]
[WhiteFideId "13601733"]
[BlackFideId "3805662"]
[WhiteElo "2626"]
[BlackElo "2690"]
[Result "0-1"]
[Round "05"]
[TimeControl "180+1"]
[Date "2021.06.22"]
[WhiteClock "0:00:20"]
[BlackClock "0:00:35"]

1. Nf3 c5 2. c4 Nc6 3. Nc3 Nf6 4. e3 g6 5. d4 cxd4 6. exd4 Bg7 7. d5 Nb4 8. Be2 O-O 9. O-O e6 10. Bf4 exd5 11. Bd6 a5 12. Bxf8 Bxf8 13. a3 Na6 14. Nxd5 Bg7 15. Nc3 Nc5 16. Nd4 a4 17. Ndb5 Ra6 18. Qc2 d6 19. Rad1 Bf5 20. Qd2 Nfe4 21. Nxe4 Nxe4 22. Qc1 Nc5 23. Qf4 Qe7 24. Rfe1 Be5 25. Qe3 Qf6 26. Nc7 Ra5 27. Nd5 Qd8 28. Qd2 Nb3 29. Qb4 Bc2 30. Qxb7 Bxd1 31. Bxd1 Nc5 32. Ne7+ Kf8 33. Nc6 Nxb7 0-1


[Site "https://www.chess.com"]

[Event "Titled Tuesday Blitz June 22 2021"]
[White "Jobava, Baadur"]
[Black "Kretov, Evgenij"]
[WhiteFideId "13601520"]
[BlackFideId "4167821"]
[WhiteElo "2748"]
[BlackElo "2400"]
[Result "1-0"]
[Round "05"]
[TimeControl "180+1"]
[Date "2021.06.22"]
[WhiteClock "0:01:05"]
[BlackClock "0:00:21"]

1. d4 Nf6 2. Nc3 d5 3. Bf4 c6 4. e3 Bf5 5. f3 e6 6. g4 Bg6 7. h4 h5 8. g5 Nfd7 9. Bd3 Bxd3 10. Qxd3 b5 11. a3 a6 12. Nge2 c5 13. Rd1 Nc6 14. O-O g6 15. Kg2 Bg7 16. Bd6 c4 17. Qd2 Nb6 18. Bc5 Nd7 19. Bd6 Nb6 20. Bg3 O-O 21. e4 Qd7 22. Bf2 Rab8 23. Ng3 Rfd8 24. e5 Nc8 25. Nce2 a5 26. Nf4 N8e7 27. Ngxh5 gxh5 28. Nxh5 Nf5 29. Rh1 b4 30. axb4 axb4 31. Nf6+ Bxf6 32. exf6 Kh8 33. h5 Rg8 34. g6 c3 35. bxc3 bxc3 36. Qg5 Rb2 37. Rc1 e5 38. Kh2 Ncxd4 39. Bxd4 exd4 40. Rhg1 d3 41. Rce1 Rxc2+ 42. Kh1 Re2 43. Ra1 d2 44. Ra7 Qxa7 45. g7+ Rxg7 46. fxg7+ Kg8 47. Qd8+ 1-0


[Site "https://www.chess.com"]

[Event "Titled Tuesday Blitz June 22 2021"]
[White "Khanin, Semen"]
[Black "Golubev, Mikhail"]
[WhiteFideId "4111990"]
[BlackFideId "14100983"]
[WhiteElo "2521"]
[BlackElo "2374"]
[Result "1-0"]
[Round "05"]
[TimeControl "180+1"]
[Date "2021.06.22"]
[WhiteClock "0:00:42"]
[BlackClock "0:00:20"]

1. e4 c5 2. Nf3 d6 3. d4 cxd4 4. Nxd4 Nf6 5. Nc3 g6 6. Be3 Bg7 7. f3 Nc6 8. Qd2 O-O 9. Bc4 Bd7 10. O-O-O Rb8 11. h4 b5 12. Bb3 Na5 13. h5 Nc4 14. Bxc4 bxc4 15. hxg6 fxg6 16. Bh6 Qb6 17. b3 Bxh6 18. Qxh6 Rf7 19. Qg5 Rc8 20. Nde2 Rc5 21. Qe3 cxb3 22. axb3 a5 23. e5 dxe5 24. g4 a4 25. g5 axb3 26. gxf6 bxc2 27. Rxd7 Qa5 28. Rd8+ Qxd8 29. Qxc5 exf6 30. Kxc2 Kg7 31. Qd5 Qc8 32. Rxh7+ 1-0


[Site "https://www.chess.com"]

[Event "Titled Tuesday Blitz June 22 2021"]
[White "Klenburg, Michael"]
[Black "Spata, German"]
[WhiteFideId "14102072"]
[BlackFideId "113026"]
[WhiteElo "2359"]
[BlackElo "2238"]
[Result "1/2-1/2"]
[Round "05"]
[TimeControl "180+1"]
[Date "2021.06.22"]
[WhiteClock "0:00:46"]
[BlackClock "0:00:16"]

1. c4 c5 2. Nc3 g6 3. Nf3 Bg7 4. g3 Nc6 5. Bg2 e5 6. d3 Nge7 7. a3 a5 8. Qd2 O-O 9. b3 d6 10. Bb2 Bg4 11. h3 Bxf3 12. Bxf3 Nd4 13. Qd1 Nxf3+ 14. exf3 d5 15. O-O Qd7 16. Kg2 Rfd8 17. Qe2 Qc6 18. Rfe1 f6 19. Kh2 Rd7 20. Rad1 Rad8 21. Ba1 Bh8 22. Bb2 Bg7 23. Ba1 b6 24. Bb2 d4 25. Nb5 Nc8 26. Bc1 Nd6 27. a4 Nxb5 28. axb5 Qa8 29. f4 Re7 30. Qe4 Qxe4 31. Rxe4 f5 32. Re2 e4 33. Rde1 Rde8 34. Kg2 Kf7 35. Bd2 exd3 36. Rxe7+ Rxe7 37. Rxe7+ Kxe7 38. h4 Ke6 39. Kf3 h5 40. Kg2 Bf6 41. Kf3 Be7 42. Kg2 Bd6 43. Kf3 Bc7 44. Kg2 Bd6 45. Kf3 Bc7 46. Kg2 Bd6 1/2-1/2


[Site "https://www.chess.com"]

[Event "Titled Tuesday Blitz June 22 2021"]
[White "Korobov, Anton"]
[Black "Dang, Hoang Son"]
[WhiteFideId "14105730"]
[BlackFideId "12402435"]
[WhiteElo "2668"]
[BlackElo "2248"]
[Result "1-0"]
[Round "05"]
[TimeControl "180+1"]
[Date "2021.06.22"]
[WhiteClock "0:00:33"]
[BlackClock "0:00:18"]

1. d4 Nf6 2. c4 g6 3. Nc3 Bg7 4. e4 O-O 5. Bg5 d6 6. Be2 c5 7. d5 Qb6 8. Qd2 e6 9. f3 exd5 10. cxd5 Re8 11. Nh3 Bxh3 12. gxh3 Nbd7 13. O-O a6 14. Kh1 Rac8 15. b3 Nh5 16. Rac1 Qb4 17. Nb1 b5 18. Qxb4 cxb4 19. Rc6 Rxc6 20. dxc6 Nc5 21. Rd1 Be5 22. Bd2 Nf4 23. Bf1 Rc8 24. Bxb4 Rxc6 25. Rc1 Bb2 26. Rc2 Bd4 27. Bd2 Nfe6 28. b4 Kg7 29. bxc5 dxc5 30. Nc3 Rd6 31. Nd5 f5 32. a4 b4 33. Bc4 fxe4 34. fxe4 Nd8 35. Bf4 Rd7 36. Re2 Ne6 37. Bg3 a5 38. Kg2 h5 39. h4 g5 40. Nb6 Re7 41. Nc8 Re8 42. Nd6 Rd8 43. Nf5+ Kf6 44. hxg5+ Nxg5 45. Bh4 Be5 46. Rf2 Kg6 47. Ne7+ Kh6 48. Bxg5+ Kxg5 49. Rf5+ Kg4 50. h3+ Kh4 51. Ng6# 1-0


[Site "https://www.chess.com"]

[Event "Titled Tuesday Blitz June 22 2021"]
[White "Kostiukov, Alexandr"]
[Black "Jarovinsky, Alexey"]
[WhiteFideId "14108100"]
[BlackFideId "14115131"]
[WhiteElo "2240"]
[BlackElo "2446"]
[Result "1/2-1/2"]
[Round "05"]
[TimeControl "180+1"]
[Date "2021.06.22"]
[WhiteClock "0:00:19"]
[BlackClock "0:00:06"]

1. g3 Nc6 2. Bg2 h5 3. Nf3 e5 4. e4 Bc5 5. O-O d6 6. c3 Bg4 7. h3 Bxf3 8. Qxf3 h4 9. g4 Nge7 10. d3 Ng6 11. b4 Bb6 12. a4 a5 13. b5 Nb8 14. Na3 Nd7 15. Nc4 Bc5 16. Be3 Bxe3 17. fxe3 O-O 18. d4 b6 19. Qf5 Qe7 20. Rf2 Rae8 21. Raf1 Qe6 22. Qxe6 Rxe6 23. Nd2 Nf6 24. Bf3 Nh7 25. Bg2 Ng5 26. c4 exd4 27. exd4 Rfe8 28. c5 dxc5 29. Rf5 Nh7 30. Rxf7 cxd4 31. Rxc7 Ne5 32. Nc4 Rd8 33. Nxe5 Rxe5 34. Rc6 d3 35. Rxb6 d2 36. Rd1 Ng5 37. Rc6 Nxe4 38. Rc2 Rd4 39. Bxe4 Rexe4 40. Rdxd2 Rxa4 41. Rb2 Ra1+ 42. Kf2 Rf4+ 43. Ke3 Rf7 44. b6 Rb7 45. Kd4 a4 46. Kc5 a3 47. Ra2 Rc1+ 48. Kb5 Rb1+ 49. Kc5 R1xb6 50. Rxa3 Rb5+ 51. Kc4 Rb4+ 52. Kc5 Rb8 53. Rad3 R4b5+ 54. Kc6 R5b6+ 55. Kc5 Rb5+ 56. Kc6 R5b6+ 57. Kc5 Rb5+ 1/2-1/2


[Site "https://www.chess.com"]

[Event "Titled Tuesday Blitz June 22 2021"]
[White "Krivonosov, Oleg"]
[Black "Nozdrachev, Leonid"]
[WhiteFideId "11600349"]
[BlackFideId "24113433"]
[WhiteElo "2469"]
[BlackElo "2221"]
[Result "1-0"]
[Round "05"]
[TimeControl "180+1"]
[Date "2021.06.22"]
[WhiteClock "0:01:30"]
[BlackClock "0:00:02"]

1. Nf3 Nf6 2. c4 e6 3. g3 d5 4. d4 Be7 5. Bg2 O-O 6. O-O dxc4 7. Qa4 a6 8. Qxc4 b5 9. Qc2 Bb7 10. Bg5 Be4 11. Qd2 h6 12. Bxf6 Bxf6 13. Nc3 Bb7 14. Rad1 Qe7 15. Qc2 c5 16. Ne4 cxd4 17. Nxf6+ Qxf6 18. Nxd4 Bxg2 19. Kxg2 e5 20. Nf3 Nc6 21. Qe4 Rfd8 22. Rxd8+ Rxd8 23. Rc1 Nd4 24. Nxd4 exd4 25. Rc6 Rd6 26. Rxd6 Qxd6 27. Qe8+ Kh7 28. Qxf7 Qb4 29. Qf5+ Kg8 30. Qc2 a5 31. a3 Qc3 32. bxc3 1-0


[Site "https://www.chess.com"]

[Event "Titled Tuesday Blitz June 22 2021"]
[White "Kuderinov, Kirill"]
[Black "Morchiashvili, Bachana"]
[WhiteFideId "13701568"]
[BlackFideId "13602535"]
[WhiteElo "2447"]
[BlackElo "2278"]
[Result "0-1"]
[Round "05"]
[TimeControl "180+1"]
[Date "2021.06.22"]
[WhiteClock "0:00:13"]
[BlackClock "0:00:35"]

1. e4 c6 2. c4 d5 3. cxd5 cxd5 4. exd5 Nf6 5. Nf3 Nxd5 6. d4 g6 7. Nc3 Bg7 8. Bc4 Be6 9. Qb3 Nc7 10. Bxe6 Nxe6 11. Qxb7 Nd7 12. O-O O-O 13. Qe4 Nf6 14. Qh4 Rb8 15. Re1 Rb4 16. Rd1 Nd5 17. Bh6 Bxh6 18. Qxh6 Rxb2 19. Ne4 Nf6 20. Re1 Qd5 21. Ng3 Rxf2 22. Qxf8+ Kxf8 23. Kxf2 Nxd4 24. Rad1 Ng4+ 25. Kf1 Qc4+ 26. Kg1 Nxf3+ 27. gxf3 Nf6 28. Kf2 Qxa2+ 29. Re2 Qa3 30. Rd8+ Kg7 31. Kg2 e6 32. Rdd2 Nd5 33. Re4 Qc3 34. Red4 Ne3+ 35. Kf2 Nd5 36. Ne4 Qe3+ 37. Kg2 Nf4+ 38. Kg3 Ne2+ 39. Rxe2 Qxe2 40. Rd7 Qe1+ 41. Kf4 Qc1+ 42. Ke5 a5 43. Nd6 Qe3+ 44. Ne4 a4 45. h4 a3 46. Kd6 a2 47. Ng5 Qd4+ 48. Ke7 Qxd7+ 49. Kxd7 a1=Q 0-1


[Site "https://www.chess.com"]

[Event "Titled Tuesday Blitz June 22 2021"]
[White "Lagunov, Evgenij"]
[Black "Rostovtsev, Dmitry"]
[WhiteFideId "4125363"]
[BlackFideId "34278320"]
[WhiteElo "2200"]
[BlackElo "2143"]
[Result "0-1"]
[Round "05"]
[TimeControl "180+1"]
[Date "2021.06.22"]
[WhiteClock "0:00:07"]
[BlackClock "0:00:15"]

1. e4 c5 2. Nf3 d6 3. d4 cxd4 4. Nxd4 Nf6 5. Nc3 Nc6 6. Be2 e5 7. Nf3 h6 8. h3 Be7 9. Be3 Be6 10. Qd2 Rc8 11. O-O-O Nb4 12. Bb5+ Kf8 13. Kb1 Nxe4 14. Nxe4 Bxa2+ 15. Kc1 Rxc2+ 16. Qxc2 Nxc2 17. Kxc2 d5 18. Nc3 Qc7 19. Ra1 Bc4 20. Bxc4 Qxc4 21. Rxa7 Qc7 22. Nxe5 Kg8 23. Ra8+ Kh7 24. Rxh8+ Kxh8 25. Bd4 Bf6 26. f4 b5 27. Kd2 Qb7 28. Ra1 b4 29. Ne2 Kh7 30. Ra7 Qb5 31. Rxf7 Qe8 32. Rb7 Qe6 33. g4 Qa6 34. Ng3 Qxb7 0-1


[Site "https://www.chess.com"]

[Event "Titled Tuesday Blitz June 22 2021"]
[White "Lavrik, Dmitry"]
[Black "Avila Pavas, Santiago"]
[WhiteFideId "24113190"]
[BlackFideId "4437128"]
[WhiteElo "2369"]
[BlackElo "2244"]
[Result "1/2-1/2"]
[Round "05"]
[TimeControl "180+1"]
[Date "2021.06.22"]
[WhiteClock "0:00:12"]
[BlackClock "0:00:10"]

1. d4 Nf6 2. c4 c5 3. d5 b5 4. cxb5 a6 5. bxa6 g6 6. Nc3 Bg7 7. e4 O-O 8. Be2 d6 9. a7 Rxa7 10. Nf3 Ba6 11. O-O Nbd7 12. a4 Qa8 13. Ra3 Rb8 14. Bxa6 Rxa6 15. Nb5 Rb7 16. Qc2 Nb6 17. b3 c4 18. bxc4 Rxa4 19. e5 Ne8 20. Ng5 Rxa3 21. Bxa3 Bxe5 22. f4 Bg7 23. f5 Nf6 24. Bb2 Qa4 25. Qxa4 Nxa4 26. Bd4 Nxd5 27. Bxg7 Kxg7 28. fxg6 hxg6 29. Rxf7+ Kg8 30. Nd4 Ne3 31. Kf2 Ng4+ 32. Kg3 Ne5 33. Rh7 Nc5 34. h4 Rb4 35. Rxe7 Rxc4 36. Nde6 Rc3+ 37. Kf2 Ng4+ 38. Ke2 Re3+ 39. Kd2 Nxe6 40. Nxe6 Re5 41. Rg7+ Kh8 42. Rxg6 Ne3 43. Ng5 Nc4+ 44. Kd3 Rc5 45. h5 Ne5+ 46. Kd4 Nxg6 47. Nf7+ Kg7 48. hxg6 Kxg6 49. Nxd6 Rg5 50. Ne4 Rxg2 51. Ke5 Re2 52. Kf4 Re1 53. Ng3 Ra1 54. Ne4 Kg7 55. Ke5 Kf8 56. Kf4 Ra8 57. Ke5 Re8+ 58. Kf5 Ke7 59. Ng5 Rf8+ 60. Ke5 Rg8 61. Ne4 Rg1 62. Kf5 Re1 63. Ke5 Kf7 64. Kf5 Rf1+ 65. Ke5 Kg6 66. Nc5 Re1+ 67. Kd4 Kf5 68. Nd3 Rh1 69. Kd5 Rd1 70. Kd4 Rd2 71. Ke3 Ra2 72. Kd4 Ra5 73. Nc5 Kf4 74. Kd5 Ke3 75. Kc4 Ra8 76. Kd5 Rc8 77. Ne6 Rc1 78. Ke5 Ra1 79. Nc5 Rh1 80. Ne6 Rh5+ 81. Kd6 Ke4 82. Nc5+ Kd4 83. Ne6+ Kc4 84. Nf4 Rf5 85. Ne6 Rf1 86. Ke5 Re1+ 87. Kd6 Re2 88. Nf4 Rd2+ 89. Ke5 Rd8 90. Ne6 Re8 91. Kd6 Rh8 92. Ke5 Rh5+ 93. Kd6 Rf5 94. Ng7 Rd5+ 95. Ke6 Rg5 96. Nf5 Kc5 97. Ke5 Rh5 98. Ke4 Rg5 99. Ke5 Rg1 100. Ke4 Rf1 1/2-1/2


[Site "https://www.chess.com"]

[Event "Titled Tuesday Blitz June 22 2021"]
[White "Levine, Joseph"]
[Black "Liang, Jason"]
[WhiteFideId "30940346"]
[BlackFideId "30940303"]
[WhiteElo "1785"]
[BlackElo "1976"]
[Result "0-1"]
[Round "05"]
[TimeControl "180+1"]
[Date "2021.06.22"]
[WhiteClock "0:01:03"]
[BlackClock "0:00:45"]

1. e4 e6 2. d3 d5 3. Nd2 Nf6 4. Ngf3 Nc6 5. e5 Nd7 6. d4 f6 7. Bb5 fxe5 8. dxe5 Be7 9. O-O O-O 10. Re1 Qe8 11. c4 Nc5 12. b4 Nd3 13. cxd5 Nxe1 14. dxc6 Nxf3+ 15. Nxf3 bxc6 16. Bc4 Bxb4 17. Qc2 Qg6 18. Bd3 Qh5 19. Be4 Rb8 20. Be3 c5 21. a3 Ba5 22. Bxc5 Rd8 23. Bxa7 Rb5 24. Bc6 Rxe5 25. Nxe5 Qxe5 26. Rd1 Rd6 27. Rxd6 Qe1# 0-1


[Site "https://www.chess.com"]